 Dungeon Crawl Stone Soup version 0.22.1-5-g62c59d919a (webtiles) character file.

330 Peloso the Shield-Bearer (level 6, -1/53 HPs)
             Began as a Minotaur Fighter on Jan 8, 2019.
             Slain by an ogre
             ... wielding a +0 giant club
              (24 damage)
             ... on level 5 of the Dungeon.
             The game lasted 00:05:25 (2589 turns).

Peloso the Shield-Bearer (Minotaur Fighter)         Turns: 2589, Time: 00:05:25

Health: -1/53      AC: 12    Str: 21    XL:     6   Next: 26%
Magic:  5/5        EV:  5    Int:  9    God:
Gold:   275        SH: 10    Dex: 11    Spells: 5/5 levels left

rFire    . . .     SeeInvis .   a - +0 long sword
rCold    . . .     Gourm    .   c - +0 shield
rNeg     . . .     Faith    .   w - +0 plate armour
rPois    .         Spirit   .   (helmet restricted)
rElec    .         Reflect  .   (no cloak)
rCorr    .         Harm     .   (no gloves)
MR       .....                  (no boots)
Stlth    ..........             (no amulet)
HPRegen  0.17/turn              s - +4 ring of intelligence
MPRegen  0.09/turn              (no ring)

@: no status effects
A: retaliatory headbutt, horns 2
a: no special abilities


You were on level 5 of the Dungeon.
You were not hungry.

You visited 1 branch of the dungeon, and saw 5 of its levels.

You collected 275 gold pieces.

Inventory:

Hand Weapons
 a - a +0 long sword (weapon)
Armour
 b - a +0 scale mail
 c - a +0 shield (worn)
 w - a +0 plate armour (worn)
 x - the +3 ring mail of Tenacity {Str+2}
   (You found it on level 4 of the Dungeon)

   It affects your strength (+2).
Jewellery
 s - a +4 ring of intelligence (left hand)
Scrolls
 e - a scroll of immolation {unknown}
 g - 3 scrolls of fear {unknown}
 h - 6 scrolls of magic mapping {unknown}
 k - 3 scrolls of enchant armour {unknown}
 l - 3 scrolls of remove curse {unknown}
 n - a scroll of random uselessness {unknown}
 o - 2 scrolls of teleportation {unknown}
 q - a scroll of blinking {unknown}
 t - a scroll of fog {unknown}
 y - a scroll of noise {unknown}
Potions
 d - a potion of might
 i - 3 potions of curing
 m - a potion of berserk rage
 p - 2 potions of invisibility
 r - a potion of magic
 u - a potion of mutation
 v - a potion of degeneration {unknown}
 A - 2 potions of resistance
Comestibles
 f - 11 rations
 j - 2 chunks of flesh


   Skills:
 + Level 4.5 Fighting
 + Level 5.2 Long Blades
 + Level 4.4 Armour
 + Level 1.7 Dodging
 + Level 0.7 Stealth
 + Level 5.3 Shields


You had 5 spell levels left.
You didn't know any spells.
Your spell library contained the following spells:

 Spells                   Type           Power        Failure   Level  Hunger
 Confusing Touch          Hex            #.....       100%        1    ##.....
 Confuse                  Hex            #.......     100%        3    ####...
 Gell's Gravitas          Tloc           #.........   100%        3    ####...
 Petrify                  Tmut/Erth      #.......     100%        4    #####..
 Metabolic Englaciation   Hex/Ice        #.........   100%        5    ######.
 Yara's Violent Unravell  Hex/Tmut       #.........   100%        5    ######.


Dungeon Overview and Level Annotations

Branches:
Dungeon (5/15)
 Temple: D:4-7

Altars:
Cheibriados
Dithmenos
Gozag
Makhleb
Qazlal
Ru
Vehumet


Innate Abilities, Weirdness & Mutations

You reflexively headbutt those who attack you in melee.
You have a pair of horns on your head.


Message History

The ogre is severely wounded.
You hear a shout!
An orc comes into view. It is wielding a hand axe.
The ogre hits you with a giant club!
An orc comes into view. It is wielding a hand axe.
The orc shouts!
You hit the ogre.
The ogre is severely wounded.
You hear a shout!
You block the ogre's attack.
An orc wizard comes into view. It is wielding a dagger of speed.
The orc wizard shouts!
You slash the ogre! Your headbutt misses the ogre.
The ogre is almost dead.
You block the ogre's attack.
An orc comes into view. It is wielding a flail.
You hit the ogre.
The ogre is almost dead.
The ogre hits you with a giant club!!
You die...

#+# .......... #.
.......... #. #.#
.........# #. #.#
..$......# ##.##.#
.........# .......
.........## # #....
####......#####.#
#....
..oooJO@........#
#....
......o...##.####
#....
###.......##...###
#..#.
#....##.##.....###..#.
.o....
#.##..##.#....#.
###..#.
#.##..##.#.#.##.
#.....
......##...#.###
#...#. #..#########.#
#.. #.#


You could see an ogre, a jelly, an orc wizard and 4 orcs.

Vanquished Creatures
  A crimson imp (D:5)
  A hound (D:4)
  A bullfrog skeleton (D:5)
  An iguana (D:4)
  2 orc wizards (D:5)
  6 adders
  A worm (D:2)
  2 dart slugs
  A leopard gecko (D:1)
  17 orcs
  13 bats
  6 giant cockroaches
  3 goblins
  12 hobgoblins
  6 jackals
  4 kobolds
  2 ball pythons
  2 frilled lizards
  A giant cockroach zombie (D:3)
  A rat (D:3)
83 creatures vanquished.

Notes
Turn   | Place    | Note
-------+----------+-------------------------------------------
     0 | D:1      | Peloso the Minotaur Fighter began the quest for the Orb.
     0 | D:1      | Reached XP level 1. HP: 19/19 MP: 0/0
   153 | D:1      | Reached XP level 2. HP: 23/27 MP: 1/1
   521 | D:2      | Reached XP level 3. HP: 32/34 MP: 2/2
   528 | D:2      | Found a shadowy altar of Dithmenos.
   575 | D:2      | Found a faded altar of an unknown god.
   620 | D:2      | Found an opulent altar of Gozag.
   760 | D:2      | Found a sacrificial altar of Ru.
  1004 | D:3      | Found a burning altar of Makhleb.
  1220 | D:3      | Reached XP level 4. HP: 41/41 MP: 3/3
  1517 | D:4      | Got a crude ring mail
  1528 | D:4      | Identified the +3 ring mail of Tenacity {Str+2} (You found
                  | it on level 4 of the Dungeon)
  1774 | D:4      | Found a snail-covered altar of Cheibriados.
  1878 | D:4      | Found a radiant altar of Vehumet.
  1880 | D:4      | Found a stormy altar of Qazlal.
  1887 | D:4      | Reached XP level 5. HP: 47/47 MP: 4/4
  2342 | D:5      | Entered Level 5 of the Dungeon
  2466 | D:5      | Reached skill level 5 in Long Blades
  2472 | D:5      | Reached skill level 5 in Shields
  2472 | D:5      | Reached XP level 6. HP: 38/53 MP: 5/5
  2567 | D:5      | Reached skill level 1 in Dodging
  2589 | D:5      | Slain by an ogre

Skill      XL: |  1  2  3  4  5  6 |
---------------+-------------------+-----
Fighting       | 4 |  4.5
Shields        | 4 5 |  5.3
Armour         | 4 |  4.4
Long Blades    | 3 4 5 |  5.2
Dodging        | 1 |  1.7
Stealth        | |  0.7

Action                   |  1- 3 |  4- 6 || total
-------------------------+-------+-------++-------
Melee: Long sword        |    91 |   124 ||   215
       Headbutt          |    12 |    27 ||    39
  Use: Scroll            |       |     6 ||     6
       Potion            |       |     1 ||     1
  Eat: Chunk             |     1 |     5 ||     6
Armor: Scale mail        |    47 |    16 ||    63
       Plate armour      |       |    49 ||    49
Dodge: Dodged            |    44 |    26 ||    70
Block: Shield            |    60 |    75 ||   135
       Rpst.: Long sword |    16 |     9 ||    25
